 Dungeon Crawl Stone Soup version 0.21.0-24-g2553a33 (webtiles) character file.

338 Monsterracer the Firebug (level 6, 0/32 HPs)
             Began as a Tengu Fire Elementalist on Jan 20, 2018.
             Shot with an arrow by a centaur (16 damage)
             ... on level 5 of the Dungeon.
             The game lasted 00:06:27 (5001 turns).

Monsterracer the Firebug (Tengu Fire Elementalist)  Turns: 5001, Time: 00:06:28

Health: 0/32       AC:  4    Str:  8    XL:     6   Next: 55%
Magic:  11/11      EV: 13    Int: 17    God:
Gold:   177        SH:  4    Dex: 15    Spells: 3/11 levels left

rFire    . . .     SeeInvis .   t - +3 whip (venom)
rCold    . . .     Gourm    .   (no shield)
rNeg     . . .     Faith    .   a - +0 robe
rPois    .         Spirit   .   (helmet restricted)
rElec    .         Reflect  +   u - +1 cloak
rCorr    .         Harm     .   (no gloves)
MR       .....     Rnd*Tele +   (boots unavailable)
Stlth    ++........             h - +4 amulet of reflection
HPRegen  0.10/turn              j - ring of teleportation (curse)
MPRegen  0.12/turn              (no ring)

@: no status effects
A: beak, talons 3, able to fly 1
a: Fly


You were on level 5 of the Dungeon.
You were not hungry.

You visited 1 branch of the dungeon, and saw 5 of its levels.

You collected 177 gold pieces.

Inventory:

Hand Weapons
 t - a +3 whip of venom (weapon)
Armour
 a - a +0 robe (worn)
 g - a +0 ring mail of cold resistance
 l - a scarf of cloud immunity
 u - a +1 cloak (worn)
Jewellery
 h - a +4 amulet of reflection (around neck)
 j - a cursed ring of teleportation (left hand)
Wands
 q - a wand of enslavement (19)
Scrolls
 i - a scroll of amnesia
Potions
 d - a potion of flight {unknown}
 e - a potion of magic {unknown}
 f - a potion of haste {unknown}
 k - 2 potions of curing
 m - a potion of might {unknown}
 o - a potion of agility {unknown}
 p - 2 potions of heal wounds
 r - a potion of mutation {unknown}
Books
 b - a book of Flames

   Spells                             Type                      Level
   a - Flame Tongue                   Conjuration/Fire             1
   b - Throw Flame                    Conjuration/Fire             2
   c - Conjure Flame                  Conjuration/Fire             3
   d - Inner Flame                    Hexes/Fire                   3
   e - Sticky Flame                   Conjuration/Fire             4
   f - Fireball                       Conjuration/Fire             5
Comestibles
 c - 2 rations


   Skills:
 - Level 2.1 Dodging
 - Level 2.0 Stealth
 + Level 3.2 Spellcasting
 * Level 5.4 Conjurations
 * Level 5.5 Fire Magic


You had 3 spell levels left.
You knew the following spells:

 Your Spells              Type           Power        Failure   Level  Hunger
a - Flame Tongue          Conj/Fire      ###..        1%          1    None
b - Conjure Flame         Conj/Fire      ###.....     5%          3    ###....
c - Sticky Flame          Conj/Fire      ###.....     19%         4    ####...


Dungeon Overview and Level Annotations

Branches:
Dungeon (5/15)
 Temple: D:4-7

Altars:
Dithmenos
Hepliaklqana
Qazlal
Ru
Uskayaw
Xom

Annotations:
D:3 2 transporters


Innate Abilities, Weirdness & Mutations

You have a beak for a mouth.
You have claws for feet.
You can fly.


Message History

You now have 5/10 mp.
Casting: Flame Tongue
Confirm with . or Enter, or press ? or * to list all spells.
Aiming: Flame Tongue
Press: ? - help, Shift-Dir - straight line, f/p - ice beast
Aim: an ice beast (lightly wounded)
The flame tongue hits the ice beast.
The ice beast melts!
The ice beast is severely wounded.
You now have 4/10 mp.
Casting: Flame Tongue
Confirm with . or Enter, or press ? or * to list all spells.
Aiming: Flame Tongue
Press: ? - help, Shift-Dir - straight line, f/p - ice beast
Aim: an ice beast (severely wounded)
The flame tongue misses the ice beast.
You now have 3/10 mp.
Casting: Flame Tongue
Confirm with . or Enter, or press ? or * to list all spells.
Aiming: Flame Tongue
Press: ? - help, Shift-Dir - straight line, f/p - ice beast
Aim: an ice beast (severely wounded)
You miscast Flame Tongue.
You are very lightly contaminated with residual magic.
The air around you crackles with energy!
You now have 2/10 mp.
Casting: Flame Tongue
Confirm with . or Enter, or press ? or * to list all spells.
Aiming: Flame Tongue
Press: ? - help, Shift-Dir - straight line, f/p - ice beast
Aim: an ice beast (severely wounded)
The flame tongue hits the ice beast.
The ice beast melts!
The ice beast is almost dead.
Casting: Flame Tongue
Confirm with . or Enter, or press ? or * to list all spells.
Aiming: Flame Tongue
Press: ? - help, Shift-Dir - straight line, f/p - ice beast
Aim: an ice beast (almost dead)
The flame tongue hits the ice beast.
The ice beast melts!
You kill the ice beast!
Your Conjurations skill increases to level 5!
You have reached level 6!
Your experience leads to an increase in your attributes!
Increase (S)trength, (I)ntelligence, or (D)exterity?
You feel clever.
Health restored: 32 You now have 1/11 mp.
Okay, then.
You start resting.
Your magical contamination has completely faded away.
You regained 2 mp, and now have 3/11 mp.
Key pressed, stopping explore.
Magic restored.
A crimson imp comes into view.
The crimson imp shouts!
MP restored: 11 A crimson imp is nearby!
A crimson imp is nearby!
Found a stone staircase leading down.
The crimson imp hits you.
You take 3 damage, and have 29/32 hp.
You hit the crimson imp.
The crimson imp is poisoned.
The crimson imp is moderately wounded.
The crimson imp blinks!
The crimson imp blinks!
The crimson imp hits you but does no damage.
You closely miss the crimson imp.
The crimson imp is moderately wounded.
The crimson imp barely misses you.
You hit the crimson imp. Your peck misses the crimson imp.
The crimson imp is heavily wounded.
The crimson imp hits you.
You take 1 damage, and have 28/32 hp.
You miss the crimson imp. Your kick misses the crimson imp.
The crimson imp is moderately wounded.
The crimson imp barely misses you.
You closely miss the crimson imp. You claw the crimson imp.
The crimson imp is heavily wounded.
The crimson imp hits you but does no damage.
You whack the crimson imp! Your kick misses the crimson imp.
The crimson imp is almost dead.
The crimson imp hits you but does no damage.
The crimson imp blinks!
No target in view!
No target in view!
You kill the crimson imp!
No target in view!
No target in view!
HP restored.
A centaur comes into view.
Health restored: 32 A centaur is nearby!
The centaur shouts!
The centaur wields a shortbow.
The centaur shoots an arrow.
The arrow hits you!
The centaur shoots an arrow.
The arrow hits you.
* * * LOW HITPOINT WARNING * * *
You see here an arrow.
You take 16 damage, and have 16/32 hp.
MASSIVE DAMAGE!!
The centaur shoots an arrow.
The arrow hits you!
Ouch! That really hurt!
You die...

####........#
#####.####
#...# #.#.#
#.#.# #.#.#
#####.#.##
#......(.#
#.[...@..#
#........#
#....[c..#
#..<.....#
#..........#
#........###
#........#
#........#
#........#


You could see a centaur.

Vanquished Creatures
  An ice beast (D:5)
  A crimson imp (D:5)
  2 worker ants (D:4)
  A worker ant zombie (D:5)
  6 adders
  3 worms
  3 dart slugs
  2 leopard geckos
  6 orcs
  2 ball pythons
  10 bats
  3 giant cockroaches
  2 goblins
  11 hobgoblins
  5 jackals
  7 kobolds
  A quokka (D:3)
  2 frilled lizards
  12 rats
80 creatures vanquished.

Notes
Turn   | Place    | Note
-------+----------+-------------------------------------------
     0 | D:1      | Monsterracer the Tengu Fire Elementalist began the quest for the Orb.
     0 | D:1      | Reached XP level 1. HP: 10/10 MP: 4/4
   157 | D:1      | Reached XP level 2. HP: 15/15 MP: 3/6
   175 | D:1      | HP: 6/15 [hobgoblin (4)]
   760 | D:1      | Reached XP level 3. HP: 18/19 MP: 3/7
   765 | D:1      | Learned a level 3 spell: Conjure Flame
  1282 | D:1      | HP: 9/19 [worm (10)]
  1454 | D:2      | HP: 9/19 [bat (1)]
  1459 | D:2      | HP: 7/19 [bat (1)]
  1473 | D:2      | HP: 4/19 [giant cockroach (1)]
  1480 | D:2      | HP: 4/19 [bat (1)]
  1485 | D:1      | HP: 1/19 [bat (1)]
  1781 | D:1      | HP: 7/19 [kobold (3)]
  1793 | D:1      | HP: 5/19 [hobgoblin (2)]
  2696 | D:2      | Reached XP level 4. HP: 24/24 MP: 6/8
  3248 | D:3      | HP: 12/24 [orc/flail (1)]
  3255 | D:3      | HP: 7/24 [poisoned by an orc]
  3617 | D:3      | Gained mutation: You can fly. [Tengu growth]
  3617 | D:3      | Reached XP level 5. HP: 23/28 MP: 7/10
  3625 | D:3      | Learned a level 4 spell: Sticky Flame
  3635 | D:3      | Found a sacrificial altar of Ru.
  3738 | D:3      | Found a shimmering altar of Xom.
  3738 | D:3      | Found a transporter.
  3739 | D:3      | Noticed a centaur
  3756 | D:3      | Found a transporter.
  4169 | D:4      | Found a shadowy altar of Dithmenos.
  4229 | D:4      | Found a hide-covered altar of Uskayaw.
  4277 | D:4      | Found a hazy altar of Hepliaklqana.
  4428 | D:5      | Entered Level 5 of the Dungeon
  4462 | D:5      | Found a stormy altar of Qazlal.
  4512 | D:4      | HP: 14/28 [worker ant (7)]
  4513 | D:4      | Reached skill level 5 in Fire Magic
  4518 | D:4      | HP: 10/28 [poisoned by a worker ant]
  4523 | D:4      | HP: 9/28 [poisoned by a worker ant]
  4530 | D:4      | HP: 7/28 [poisoned by a worker ant]
  4538 | D:4      | HP: 6/28 [poisoned by a worker ant]
  4844 | D:5      | Noticed an ice beast
  4855 | D:5      | Killed an ice beast
  4855 | D:5      | Reached skill level 5 in Conjurations
  4855 | D:5      | Reached XP level 6. HP: 32/32 MP: 1/11
  5000 | D:5      | HP: 16/32 [centaur/arrow (5)]
  5001 | D:5      | Shot with an arrow by a centaur

Skill      XL: |  1  2  3  4  5 |
---------------+----------------+-----
Conjurations   | 2 3 4 5 |  5.4
Fire Magic     | 4 5 |  5.5
Spellcasting   | 3 |  3.2
Dodging        | |  2.1
Stealth        | |  2.0

Action                   |  1- 3 |  4- 6 || total
-------------------------+-------+-------++-------
Melee: Spear             |    24 |       ||    24
       Dagger            |     5 |       ||     5
       Kick              |     4 |     5 ||     9
       Whip              |       |    23 ||    23
       Peck              |       |     1 ||     1
 Cast: Flame Tongue      |    83 |    80 ||   163
       Conjure Flame     |       |     1 ||     1
       Sticky Flame      |       |     1 ||     1
  Use: Scroll            |       |     8 ||     8
 Stab: Sleeping          |     2 |     1 ||     3
  Eat: Chunk             |     7 |     4 ||    11
       Ration            |       |     1 ||     1
Armor: Robe              |    23 |    13 ||    36
Dodge: Dodged            |    89 |    40 ||   129
Block: Other             |       |     1 ||     1

Vault maps used:
D:1:      kennysheep_arrival_forest
D:2:      glass_columns_b, minmay_octomino_j4
D:3:      gammafunk_temple_overflow_arena, overflow_temple_1_default,
          first_ration
D:4:      kennysheep_the_goblin_king, lemuel_coloured_pillars_altar,
          nicolae_dithmenos_through_a_glass_darkly, kennysheep_mini
D:5:      zin_statuary, lemuel_round_altar, old_standard_altar, st_stairs_6,
          okawaru_ov_weapons_minmay
